 Dungeon Crawl Stone Soup version 0.27-a0-1202-ge72e49191c (webtiles) character file.

Game seed: 18042809834736453112

40 bande the Shield-Bearer (level 3, -2/23 HPs)
             Began as a Gargoyle Fighter on June 4, 2021.
             Slain by Sigmund
             ... wielding a +4 scythe
              (10 damage)
             ... on level 2 of the Dungeon.
             The game lasted 00:02:02 (1285 turns).

bande the Shield-Bearer (Gargoyle Fighter)          Turns: 1285, Time: 00:02:03

Health: -2/23      AC: 14    Str: 19    XL:     3   Next: 50%
Magic:  3/3        EV:  5    Int:  8    God:
Gold:   81         SH:  9    Dex: 10    Spells: 2/2 levels left

rFire    . . .     SeeInvis .   a - +0 war axe
rCold    . . .     Faith    .   c - +0 kite shield
rNeg     + . .     Spirit   .   f - +0 chain mail
rPois    ∞         Reflect  .   b - +2 hat
rElec    +         Harm     .   (no cloak)
rCorr    .         Rampage  .   (no gloves)
Will     .....                  (no boots)
Stlth    ..........             (no amulet)
HPRegen  0.07/turn              (no ring)
MPRegen  0.08/turn              (no ring)

@: mighty
A: sickness immunity, AC +3, negative energy resistance 1, electricity
resistance, torment resistance 1, petrification resistance
a: no special abilities


You were on level 2 of the Dungeon.
You visited 1 branch of the dungeon, and saw 2 of its levels.

You collected 81 gold pieces.

Inventory:

Hand Weapons
 a - a +0 war axe (weapon)
Armour
 b - a +2 hat (worn)
 c - a +0 kite shield (worn)
 f - a +0 chain mail (worn)
Scrolls
 e - a scroll of magic mapping {unknown}
 g - 3 scrolls of noise {unknown}


   Skills:
 + Level 3.4 Fighting
 + Level 2.0 Axes
 + Level 3.9 Armour
 + Level 0.1 Dodging
 + Level 4.0 Shields


You had 2 spell levels left.
You didn't know any spells.
Your spell library was empty.

Dungeon Overview and Level Annotations

Branches:
Dungeon (2/15)

Altars:

Annotations:
D:2 Sigmund


Innate Abilities, Weirdness & Mutations

You are immune to sickness and miasma.
Your stone body is resilient. (AC +3)
You are immune to poison.
You resist negative energy. (rN+)
You are resistant to electric shocks. (rElec)
You are resistant to unholy torment.
You are immune to petrification.


Message History

Sigmund is moderately wounded.
Sigmund casts a spell at you.
The magic dart hits you but does no damage.
Sigmund gestures at you while chanting. The magic dart hits you!
* * * LOW HITPOINT WARNING * * *
It was a potion of ambrosia.
You are confused.
You feel invigorated. Sigmund hits you but does no damage.
You bump into the rock wall.
Sigmund hits you but does no damage. Sigmund completely misses you.
You're too confused to move!
Sigmund hits you with a +4 scythe.
You miss Sigmund.
Sigmund is lightly wounded.
Sigmund hits you but does no damage.
You slash Sigmund!
Sigmund is heavily wounded.
Sigmund hits you with a +4 scythe. Sigmund hits you but does no damage.
You feel less invigorated.
You feel less confused. You block Sigmund's attack.
Sigmund casts a spell at you. The magic dart hits you.
You slash Sigmund!
Sigmund is almost dead.
Sigmund barely misses you.
Sigmund points at you and mumbles some strange words.
You are confused.
Sigmund points at himself and mumbles some strange words.
Sigmund flickers and vanishes!
Deactivating autopickup; reactivate with Ctrl-A.
You bump into the rock wall.
Something hits you. Something hits you. Something hits you.
You closely miss something. Something hits you!
You feel less confused.
You see here a +6 ring of strength.
Something hits you but does no damage. Something hits you!
You die...

#.# #.# #.# #.# #.#
#.#### # #=#.. .# ###
#.#.##.#####
########.####@#.#.......
#.......†.....{....#
#.######.###....##.# #.#
####....$# #
#.##########....#
#.##.....# ##.#...
#.##.###)# #.#####
#.....##.# #.#
####..##.# #+#


There were no monsters in sight!

Vanquished Creatures
  An adder (D:2)
  A dart slug (D:1)
  A bat (D:1)
  5 endoplasms (D:1)
  A giant cockroach (D:1)
  5 goblins (D:1)
  A hobgoblin (D:1)
  2 jackals (D:1)
  A kobold (D:1)
  2 ball pythons
  7 rats
27 creatures vanquished.

Notes
Turn   | Place    | Note
-------+----------+-------------------------------------------
     0 | D:1      | bande the Gargoyle Fighter began the quest for the Orb.
     0 | D:1      | Reached XP level 1. HP: 14/14 MP: 1/1
   249 | D:1      | Reached XP level 2. HP: 19/19 MP: 2/2
   798 | D:1      | Reached XP level 3. HP: 21/23 MP: 3/3
  1140 | D:2      | Reached skill level 4 in Shields
  1260 | D:2      | Noticed Sigmund
  1285 | D:2      | Slain by Sigmund

Illustrated notes

Levels and vault maps discovered:
D:1:      dpeg_arrival_ratfight, layout_basic, serial_glass, glass_columns_b,
          glass_columns_a, glass_columns_a, glass_columns_b, glass_columns_a,
          minmay_misc_feat_cross, grunt_decor_resistance
D:2:      layout_loops_corners, ebering_ecumenical_altar_petrified, basic_altar,
          minmay_misc_feat_pillars, chequers_arboretum, chequers_garden,
          uniq_crazy_yiuf_cottage, uniq_sigmund, uniq_robin

Skill      XL: |  1  2  3 |
---------------+----------+-----
Axes           | 2 |  2.0
Shields        | 4 |  4.0
Fighting       | |  3.4
Armour         | |  3.9
Dodging        | |  0.1

Action                   || total
-------------------------++-------
Melee: War axe           ||    76
  Use: Potion            ||     2
Armor: Scale mail        ||    20
       Chain mail        ||    33
Dodge: Dodged            ||    19
Block: Kite shield       ||    48

Table legend: (Time is in decaauts)
 A = Elapsed time spent in this place.
 B = Non-inter-level travel time spent in this place.
 C = Inter-level travel time spent in this place.
 D = Time resting spent in this place.
 E = Time spent auto-exploring this place.
 F = Levels seen in this place.
 G = Mean time per level.
                   A        B        C        D        E       F      G
               +--------+--------+--------+--------+--------+-----+--------+
         Total |   1333 |   1333 |      0 |     65 |    972 |   2 |  666.5 |
       Dungeon |   1333 |   1333 |      0 |     65 |    972 |   2 |  666.5 |
               +--------+--------+--------+--------+--------+-----+--------+

Top non-repeatable levels by time:
     D:1: 1146 daAuts
     D:2: 186 daAuts
